 Dungeon Crawl Stone Soup version 0.17.1-3-g152610e (webtiles) character file.

39 Gargoyl the Skirmisher (level 3, -3/29 HPs)
             Began as a Demonspawn Abyssal Knight on Apr 7, 2016.
             Was a Follower of Lugonu.
             Slain by Robin
             ... wielding a +0 trident
              (9 damage)
             ... on level 1 of the Dungeon.
             The game lasted 00:03:07 (1901 turns).

Gargoyl the Skirmisher (Demonspawn Abyssal Knight)  Turns: 1901, Time: 00:03:07

Health: -3/29      AC:  5    Str: 13    XL:     3   Next: 28%
Magic:  5/5        EV: 11    Int: 13    God:    Lugonu [*.....]
Gold:   52         SH:  2    Dex: 12    Spells: 0 memorised, 2 levels left

rFire  . . .     SeeInvis .     a - +1 hand axe
rCold  . . .     Clarity  .     b - +0 leather armour
rNeg   . . .     SustAt   .     (no shield)
rPois  .         Gourm    .     (no helmet)
rElec  .         Spirit   .     (no cloak)
rCorr  .         Warding  .     (no gloves)
rMut   .         Stasis   .     (no boots)
MR     .....                    (no amulet)
Stlth  +.........               (no ring)
                                (no ring)

@: not resistant to hostile enchantments, very unstealthy
A: large bone plates 1, rot immunity
a: Depart the Abyss, Renounce Religion


You were on level 1 of the Dungeon.
You worshipped Lugonu.
Lugonu was aware of your devotion.
You were hungry.

You visited 1 branch of the dungeon, and saw 2 of its levels.
You visited the Abyss 1 time.

You collected 52 gold pieces.

Inventory:

Hand Weapons
 a - a +1 hand axe (weapon)
 g - a +0 great mace
Missiles
 e - 8 tomahawks (quivered)
Armour
 b - a +0 leather armour (worn)
 f - a +0 chain mail
Scrolls
 d - 2 scrolls of noise {unknown}
 h - a scroll of fear {unknown}
 i - a scroll of remove curse {unknown}
 j - 2 scrolls of immolation {unknown}
Comestibles
 c - 2 bread rations


   Skills:
 + Level 3.6 Fighting
 + Level 1.8(1.9) Axes
 + Level 0.3(1.2) Maces & Flails
 + Level 2.1 Armour
 + Level 1.2 Dodging
 + Level 2.9 Invocations


You had 2 spell levels left.
You didn't know any spells.

Dungeon Overview and Level Annotations

Branches:
Dungeon (2/15)

Altars:

Annotations:
D:1 Robin


Innate Abilities, Weirdness & Mutations

You are partially covered in large bone plates (AC +2, SH +2).
You are immune to rotting.


Message History

You hit Robin.
Robin is moderately wounded.
Robin hits you with a trident.
You closely miss Robin.
Robin is moderately wounded.
Robin hits you with a trident! Robin hits you but does no damage.
You closely miss Robin.
Robin is moderately wounded.
Robin hits you with a trident.
You closely miss Robin.
Robin is moderately wounded.
Robin hits you with a trident.
* * * LOW HITPOINT WARNING * * *
You barely miss Robin.
Robin is moderately wounded.
Robin closely misses you.
You slash Robin!
Robin is severely wounded.
Robin hits you with a trident!
You die...

............# #.##.## #.# #.#
#.#.........# #.#...####.###.#
#.######.#..# ##.#.........†..#
.#.......#..# #...........###.#
#.#####..#..# #..##.####### #.#
#.# #..#..###..##.# #.#
#.#####..)...##).##.# #.#
.............##..##.#########.#
#............((.@g............#
#..####..........##############
#..# #.....(#####
#..####......# ......)......#
............## .(.#####...##
.### ##.## .# #.#


You could see Robin.

Vanquished Creatures
  An adder (D:2)
  An ooze (D:2)
  2 giant cockroaches
  8 goblins
  A hobgoblin (D:1)
  A quokka (D:2)
  A bat (D:1)
  A giant newt (D:2)
  7 kobolds
  5 rats
28 creatures vanquished.

Notes
Turn   | Place    | Note
--------------------------------------------------------------
     0 | Abyss:1  | Gargoyl the Demonspawn Abyssal Knight began the quest for the Orb.
     0 | Abyss:1  | Reached XP level 1. HP: 18/18 MP: 2/2
    20 | Abyss:1  | Noticed a four-headed hydra skeleton
    48 | Abyss:2  | Noticed a golden eye
    62 | Abyss:2  | Noticed a smoke demon
    63 | D:1      | Escaped the Abyss
   633 | D:1      | Reached skill level 1 in Dodging
   633 | D:1      | Gained mutation: You are partially covered in large bone plates (AC +2, SH +2). [demonic ancestry]
   633 | D:1      | Reached XP level 2. HP: 18/24 MP: 4/4
   872 | D:1      | Reached * piety under Lugonu
  1302 | D:2      | Gained mutation: You are immune to rotting. [demonic ancestry]
  1302 | D:2      | Reached XP level 3. HP: 18/29 MP: 5/5
  1494 | D:2      | Noticed Robin
  1901 | D:1      | Slain by Robin

Action                   || total
-------------------------++-------
Melee: Great mace        ||    63
       Hand axe          ||    58
Invok: Depart the Abyss  ||     1
  Eat: Chunk             ||     3
